 Dungeon Crawl Stone Soup version 0.25.0-9-g26727b657a (webtiles) character file.

Game seed: 454810661365922555

257 vurker the Skirmisher (level 6, -4/65 HPs)
             Began as an Ogre Skald on June 17, 2020.
             Was a Follower of Uskayaw.
             Slain by a sky beast (5 damage)
             ... on level 4 of the Dungeon.
             The game lasted 00:03:56 (3336 turns).

vurker the Skirmisher (Ogre Skald)                  Turns: 3336, Time: 00:03:57

Health: -4/65      AC:  5    Str: 18    XL:     6   Next: 16%
Magic:  6/9        EV: 10    Int: 14    God:    Uskayaw [*.....]
Gold:   162        SH:  0    Dex: 14    Spells: 8/9 levels left

rFire    . . .     SeeInvis .   a - +0 hand axe
rCold    . . .     Gourm    .   (no shield)
rNeg     . . .     Faith    .   b - +0 robe
rPois    .         Spirit   .   (helmet restricted)
rElec    .         Reflect  .   i - +1 cloak
rCorr    .         Harm     .   (gloves unavailable)
MR       .....                  (boots unavailable)
Stlth    +.........             (no amulet)
HPRegen  0.20/turn              m - +6 ring of dexterity
MPRegen  0.11/turn              (no ring)

@: no status effects
A: large, unfitting armour, tough skin 1
a: Stomp, Renounce Religion


You were on level 4 of the Dungeon.
You worshipped Uskayaw.
Uskayaw was noncommittal.
You were not hungry.

You visited 1 branch of the dungeon, and saw 4 of its levels.

You collected 162 gold pieces.

Inventory:

Hand Weapons
 a - a +0 hand axe (weapon)
Armour
 b - a +0 robe (worn)
 i - a +1 cloak (worn)
   (You found it on level 2 of the Dungeon)
Jewellery
 m - a +6 ring of dexterity (left hand)
   (You found it on level 2 of the Dungeon)
Scrolls
 c - 2 scrolls of enchant armour {unknown}
 d - a scroll of teleportation {unknown}
 g - a scroll of amnesia {unknown}
 j - 3 scrolls of identify {unknown}
 k - 3 scrolls of remove curse {unknown}
Potions
 f - 2 potions of cancellation {unknown}
 h - a potion of magic {unknown}
 l - a potion of heal wounds {unknown}
 n - a potion of mutation {unknown}
Comestibles
 e - 2 rations


   Skills:
 + Level 4.9 Fighting
 * Level 4.9 Axes
 - Level 2.1 Dodging
 - Level 2.4 Spellcasting
 - Level 2.6 Charms
 + Level 2.1 Invocations


You had 8 spell levels left.
You knew the following spells:

 Your Spells              Type           Power        Failure   Level  Hunger
a - Infusion              Chrm           #...         8%          1    #......

Your spell library contained the following spells:

 Spells                   Type           Power        Failure   Level  Hunger
 Song of Slaying          Chrm           #.......     12%         2    ###....
 Shroud of Golubria       Chrm/Tloc      #.....       21%         2    ###....
 Ozocubu's Armour         Chrm/Ice       #.......     36%         3    ###....
 Spectral Weapon          Hex/Chrm       #.......     36%         3    ###....
 Confusing Touch          Hex            #.......     56%         3    ###....
 Gell's Gravitas          Tloc           #.........   56%         3    ###....
 Petrify                  Tmut/Erth      #.......     92%         4    #####..
 Metabolic Englaciation   Hex/Ice        #.........   99%         5    ######.
 Yara's Violent Unravell  Hex/Tmut       #.........   99%         5    ######.


Dungeon Overview and Level Annotations

Branches:
Dungeon (4/15)
 Temple: D:4-7

Altars:
Uskayaw


Innate Abilities, Weirdness & Mutations

You are too large for most types of armour.
You have tough skin. (AC +1)


Message History

* * * LOW HITPOINT WARNING * * *
Something shocks you.
* * * LOW HITPOINT WARNING * * *
You closely miss something. Something hits you but does no damage.
You can no longer pass through a line of other dancers.
You barely miss something. Something hits you but does no damage.
You barely miss something. Something hits you.
* * * LOW HITPOINT WARNING * * *
Something shocks you.
* * * LOW HITPOINT WARNING * * *
You barely miss something. Something hits you.
* * * LOW HITPOINT WARNING * * *
Something shocks you.
* * * LOW HITPOINT WARNING * * *
You miss something. Something hits you but does no damage. Something hits you.
* * * LOW HITPOINT WARNING * * *
Something shocks you.
* * * LOW HITPOINT WARNING * * *
You miss something. Something hits you but does no damage.
You closely miss something.
A sky beast appears from thin air!
Reactivating autopickup.
The sky beast hits you.
* * * LOW HITPOINT WARNING * * *
The sky beast shocks you.
* * * LOW HITPOINT WARNING * * *
You stomp with the beat, sending a shockwave through the revelers around you!
You feel somewhat more hungry.
You can no longer stomp with the beat.
The sky beast flickers out of sight!
Deactivating autopickup; reactivate with Ctrl-A.
Something hits you but does no damage.
You barely miss something.
A sky beast appears from thin air!
Reactivating autopickup.
The sky beast closely misses you.
Okay, then.
You hit the sky beast. The sky beast barely misses you.
You barely miss the sky beast. The sky beast barely misses you.
You hit the sky beast. The sky beast barely misses you.
You can now stomp with the beat.
You hit the sky beast but do no damage. The sky beast hits you.
* * * LOW HITPOINT WARNING * * *
The sky beast shocks you.
You die...

##########.####.#
##...#...........#
##....>.####.###..#
.........###.###..#
##........##..>...#
##......#######.##
#####รท## ##.## #.#
#...# #.# #.@.#
##'## #.Y.# ##...##
#>..# ##.....##
#.#.# ##.......# #.
.# ###.........# ##
.. ..'...........
.. ###..........##
..# ##.......#.#


You could see a sky beast.

Vanquished Creatures
  Sigmund (D:3)
  3 adders
  2 worms
  3 dart slugs
  5 leopard geckos
  3 orcs (D:2)
  3 giant cockroaches
  6 goblins
  3 hobgoblins
  4 jackals (D:4)
  6 kobolds
  A ball python (D:1)
  4 bats
  6 frilled lizards
  3 rats
53 creatures vanquished.

Notes
Turn   | Place    | Note
-------+----------+-------------------------------------------
     0 | D:1      | vurker the Ogre Skald began the quest for the Orb.
     0 | D:1      | Reached XP level 1. HP: 22/22 MP: 3/3
   116 | D:1      | Reached XP level 2. HP: 28/31 MP: 5/5
   629 | D:1      | Reached XP level 3. HP: 37/37 MP: 6/6
  1260 | D:2      | Found a faded altar of an unknown god.
  1279 | D:2      | Reached XP level 4. HP: 23/48 MP: 7/7
  1434 | D:2      | Became a worshipper of Uskayaw the Reveler
  1434 | D:2      | Reached * piety under Uskayaw
  2114 | D:3      | Reached ** piety under Uskayaw
  2790 | D:3      | Noticed Sigmund
  2812 | D:3      | Killed Sigmund
  2812 | D:3      | Reached XP level 5. HP: 28/55 MP: 8/8
  2812 | D:3      | Reached XP level 6. HP: 33/65 MP: 9/9
  2812 | D:3      | Reached *** piety under Uskayaw
  3303 | D:4      | Noticed a sky beast
  3330 | D:4      | HP: 1/65 [sky beast (5)]
  3336 | D:4      | HP: 1/65 [sky beast (1)]
  3336 | D:4      | Slain by a sky beast

Illustrated notes

Levels and vault maps discovered:
D:1:      lemuel_arrival_muddy, layout_loops_ring
D:2:      layout_basic, chequers_ecumenical_altar_simple, first_ration
D:3:      layout_loops_corners, uniq_sigmund
D:4:      layout_loops_corners, uniq_robin

Skill      XL: |  1  2  3  4 |
---------------+-------------+-----
Fighting       | 3 4 |  4.9
Axes           | 3 4 |  4.9
Invocations    | 2 |  2.1
Dodging        | |  2.1
Spellcasting   | |  2.4
Charms         | |  2.6

Action                   |  1- 3 |  4- 6 || total
-------------------------+-------+-------++-------
Melee: Hand axe          |   107 |   113 ||   220
Invok: Stomp             |       |     1 ||     1
  Eat: Chunk             |     1 |     7 ||     8
Armor: Robe              |    23 |    54 ||    77
Dodge: Dodged            |    61 |    44 ||   105
